Map: [ESL] Waterfall

Players

iGCoffeeMs (Coffee)

  • Race: Terran Terran
  • League: Master

TIME (Oliveira) - Winner!

  • Race: Terran Terran

Event: DreamHack SC2 Masters 2022 Atlanta (Online)

VOD

Have the link to the VOD?

Description

Time

  • Played on: Oct. 9, 2022, 9:11 a.m.
  • Length: 6:14

All games in this series

Show
View Real Time Build Order
Export as new Build Order

iGCoffeeMs Terran 

Build Orders:  

Get SALT Encoding   

  12  0:00  SCV  
  13  0:12  SCV  
  14  0:17  Supply Depot  
  14  0:24  SCV  
  15  0:38  SCV  
  15  0:39  Barracks  
  16  0:43  Refinery  
  16  0:50  SCV  
  17  0:59  Barracks  
  17  1:03  SCV  
  18  1:14  Refinery  
  18  1:15  SCV  
  19  1:26  Reaper  
  19  1:29  Supply Depot  
  20  1:46  Reaper  
  21  1:49  Barracks  
  21  1:59  Reaper  
  22  2:09  Orbital Command  
  22  2:18  Reaper  
  23  2:31  Reaper  
  23  2:33  Supply Depot  
  23  2:35  SCV  
  23  2:36  Reaper  
  26  2:47  SCV  
  26  2:50  Reaper  
  28  2:59  SCV  
  28  3:03  Reaper  
  30  3:07  Factory  
  30  3:09  Reaper  
  30  3:11  SCV  
  31  3:23  SCV  
  31  3:24  Supply Depot, Reaper  
  31  3:35  Reaper  
  31  3:41  Reaper  
  32  3:42  SCV  
  33  3:54  SCV  
  32  3:56  Reaper  
  32  4:00  Hellion  
  34  4:02  Starport  
  34  4:06  SCV  
  35  4:10  Reaper  
  36  4:20  Reaper  
  36  4:23  Hellion  
  39  4:29  Reaper  
  40  4:35  Command Center  
  40  4:38  SCV  
  40  4:44  Hellion  
  43  4:46  Medivac  
  43  4:51  SCV  
  43  5:03  SCV  
  43  5:06  Hellion  
  43  5:07  Reaper  
Show
View Real Time Build Order
Export as new Build Order

TIME Terran - Winner!

Build Orders:  

Get SALT Encoding   

  12  0:00  SCV  
  13  0:12  SCV  
  14  0:17  Supply Depot  
  14  0:25  SCV  
  15  0:39  SCV  
  15  0:41  Barracks  
  16  0:43  Refinery  
  16  0:51  SCV  
  16  0:54  Refinery  
  17  1:03  SCV  
  18  1:15  SCV  
  19  1:28  Reaper, Orbital Command  
  19  1:30  Supply Depot  
  20  1:45  Factory  
  20  1:54  SCV  
  21  2:00  Barracks Reactor  
  21  2:06  SCV  
  22  2:18  SCV  
  23  2:23  Command Center  
  23  2:29  Hellion  
  25  2:30  SCV  
  26  2:37  Reaper x2  
  26  2:42  Supply Depot  
  28  2:44  SCV  
  28  2:50  Hellion  
  31  2:58  SCV  
  30  3:09  Reaper  
  30  3:12  Reaper, SCV  
  33  3:13  Hellion  
  35  3:24  SCV  
  36  3:28  Starport  
  34  3:38  Hellion  
  33  3:41  Reaper  
  33  3:42  SCV  
  33  3:44  Reaper  
  36  3:54  SCV  
  35  4:01  Hellion  
  35  4:02  Orbital Command  
  37  4:05  Refinery  
  37  4:06  SCV  
  37  4:07  Liberator  
  41  4:13  Reaper  
  41  4:16  Reaper  
  43  4:18  SCV  
  43  4:22  Hellion  
  46  4:25  Supply Depot  
  46  4:28  SCV  
  46  4:30  SCV  
  48  4:40  SCV  
  48  4:42  SCV  
  48  4:44  Factory Tech Lab  
  50  4:45  Marine  
  50  4:47  Supply Depot  
  50  4:48  Marine  
  50  4:50  Starport Tech Lab  
  50  4:52  SCV  
  53  4:55  SCV  
  53  5:04  SCV  
  54  5:07  SCV  
  52  5:17  SCV  
  51  5:20  SCV  
Tags
 
Add a new tag
Caveats
  • Supply blocks, unpowered buildings, or Contaminate may cause inaccurate times.
  • Supply counts are checked every 10 seconds.